 Dungeon Crawl Stone Soup version 0.26-a0-651-gb41185065b (webtiles) character file.

Game seed: 1930001029816663847

63168 Mesmaeker13 the Warrior (level 14, -7/138 HPs)
             Began as a Minotaur Gladiator on Oct 15, 2020.
             Was the Champion of Zin.
             Killed by nerve-wracking pain
             ... invoked by an orc priest
              (13 damage)
             ... on level 2 of the Orcish Mines.
             The game lasted 00:42:20 (27109 turns).

Mesmaeker13 the Warrior (Minotaur Gladiator)       Turns: 27109, Time: 00:42:21

Health: -7/138     AC: 16    Str: 17      XL:     14   Next: 67%
Magic:  19/19      EV: 25    Int: 10 (11) God:    Zin [******]
Gold:   1971       SH:  0    Dex: 14      Spells: 13/13 levels left

rFire    + + .     SeeInvis +   Q - +12 battleaxe of Compassion {protect, Str-5 Int+6 Stlth+}
rCold    + . .     Faith    .   (shield currently unavailable)
rNeg     . . .     Spirit   .   S - +1 chain mail {rF+}
rPois    +         Reflect  .   c - +0 hat
rElec    .         Harm     .   l - scarf {rC+ rF+}
rCorr    .         Rampage  .   (no gloves)
MR       +....                  r - +0 pair of boots
Stlth    ..........             A - amulet of the acrobat
HPRegen  0.33/turn              R - ring of poison resistance
MPRegen  0.16/turn              t - ring of see invisible

@: acrobat, studying Fighting
A: retaliatory headbutt, horns 2, MP-powered wands
a: Recite, Vitalisation, Imprison, Sanctuary, Donate Gold, Renounce Religion


You were on level 2 of the Orcish Mines.
You worshipped Zin.
Zin was exalted by your worship.
You visited 4 branches of the dungeon, and saw 21 of its levels.
You also visited: Bailey, Gauntlet and Ice Cave.

You collected 2579 gold pieces.
You spent 437 gold pieces at shops.
You donated 171 gold pieces to Zin.

Inventory:

Hand Weapons
 d - a +2 executioner's axe of electrocution
 G - a +4 morningstar
 Q - the +12 battleaxe of Compassion (weapon) {protect, Str-5 Int+6 Stlth+}
   (You found it in an ice cave)

   It grants its wielder temporary protection when it strikes (+7 to AC).
   It affects your strength (-5).
   It affects your intelligence (+6).
   It makes you more stealthy.
 Z - the +9 morningstar "Doidde" {flame, rN+ MR- SInv}
   (You found it on level 5 of the Lair of Beasts)

   It has been specially enchanted to burn those struck by it, causing extra
   injury to most foes and up to half again as much damage against particularly
   susceptible opponents.
   It protects you from negative energy.
   It affects your resistance to hostile enchantments.
   It lets you see invisible.
Missiles
 o - a throwing net
 q - 35 boomerangs (quivered)
 J - 25 javelins
Armour
 c - a +0 hat (worn)
 l - a scarf of resistance (worn)
 r - a +0 pair of boots (worn)
 S - a +1 chain mail of fire resistance (worn)
Jewellery
 p - an uncursed ring of ice
 t - a ring of see invisible (right hand)
 A - an amulet of the acrobat (around neck)
 R - a ring of poison resistance (left hand)
Wands
 x - a wand of digging (18)
 H - a wand of iceblast (6)
 P - a wand of paralysis (4)
Scrolls
 b - a scroll of fear
 e - 10 scrolls of remove curse
 f - 2 scrolls of summoning
 g - a scroll of holy word {unknown}
 k - 7 scrolls of fog
 m - 5 scrolls of teleportation
 n - a scroll of magic mapping
 u - 3 scrolls of enchant armour
 v - 3 scrolls of blinking
 B - 2 scrolls of acquirement {unknown}
 K - 2 scrolls of random uselessness {unknown}
 L - 2 scrolls of silence {unknown}
Potions
 h - 7 potions of curing
 i - 3 potions of ambrosia
 j - 3 potions of haste
 w - 2 potions of heal wounds
 C - 4 potions of mutation
 D - 3 potions of flight
 E - 4 potions of might
 F - 2 potions of cancellation {unknown}
 T - a potion of brilliance {unknown}
 U - a potion of invisibility {unknown}
Books
 a - a manual of Fighting
Miscellaneous
 I - a tin of tremorstones (inert)
 M - a lightning rod (4/4)
 N - a phantom mirror
 O - a phial of floods (inert)


   Skills:
 + Level 16.3 Fighting
   Level 6.9 Long Blades
 + Level 8.7(11.7) Axes
 - Level 12.5(13.5) Maces & Flails
 - Level 5.6 Throwing
 + Level 15.5 Armour
 - Level 4.0 Dodging
   Level 4.0 Shields
 + Level 9.3 Invocations


You had 13 spell levels left.
You didn't know any spells.
Your spell library contained the following spells:

 Spells                   Type           Power        Failure   Level
 Animate Skeleton         Necr           #.....       95%         1
 Beastly Appendage        Tmut           #.....       95%         1
 Foxfire                  Conj/Fire      #...         95%         1
 Pain                     Necr           #...         95%         1
 Sandblast                Erth           #.....       95%         1
 Blink                    Tloc           N/A          98%         2
 Corpse Rot               Necr/Air       N/A          98%         2
 Passwall                 Tmut/Erth      #.......     98%         2
 Wereblood                Tmut           #.......     98%         2
 Confusing Touch          Hex            #.......     100%        3
 Conjure Flame            Conj/Fire      #.......     100%        3
 Gell's Gravitas          Tloc           #.........   100%        3
 Lesser Beckoning         Tloc           #.........   100%        3
 Portal Projectile        Hex/Tloc       #.....       100%        3
 Spider Form              Tmut/Pois      #.........   100%        3
 Stone Arrow              Conj/Erth      #.....       100%        3
 Teleport Other           Tloc           #.......     100%        3
 Dispel Undead            Necr           #.......     100%        4
 Ice Form                 Ice/Tmut       #.......     100%        4
 Passage of Golubria      Tloc           N/A          100%        4
 Petrify                  Tmut/Erth      #.......     100%        4
 Blade Hands              Tmut           #.........   100%        5
 Lee's Rapid Deconstruct  Erth           #.........   100%        5
 Metabolic Englaciation   Hex/Ice        #.........   100%        5
 Summon Forest            Summ/Tloc      #.........   100%        5
 Yara's Violent Unravell  Hex/Tmut       #.........   100%        5
 Death Channel            Necr           #.........   100%        6
 Ignition                 Fire           #.........   100%        8


Dungeon Overview and Level Annotations

Branches:
Dungeon (12/15)            Temple (1/1) D:5            Lair (6/6) D:11
  Swamp (0/4) Lair:4       Spider (0/4) Lair:3        Slime (0/5) Lair:6
    Orc (2/2) D:10            Elf (0/3) Orc:2        Bailey (visited)
  IceCv (visited)         Gauntlet (visited)

Altars:
Ashenzari
Cheibriados
Dithmenos
Fedhas
Gozag
Hepliaklqana
Kikubaaqudgha
Makhleb
Okawaru
Qazlal
Ru
Sif Muna
Trog
Uskayaw
Vehumet
Wu Jian
Xom
Yredelemnul
Zin
The Shining One
Jiyva

Shops:
D:4 [!!(*   D:6 =   Orc:1 }   Orc:2 }

Annotations:
Lair:2 1 runed translucent door, Wonupn's ghost, journeyman HaGl


Innate Abilities, Weirdness & Mutations

You reflexively headbutt those who attack you in melee.
You have a pair of horns on your head.
You expend magic power (3 MP) to strengthen your wands.


Message History

The orc priest invokes the aid of Beogh against you.
Beogh smites you!
* * * LOW HITPOINT WARNING * * *
You hear a shout!
You hit the orc but do no damage.
Your weapon exudes an aura of protection.
You headbutt the orc!
You kill the orc!
The orc priest invokes the aid of Beogh against you.
Beogh smites you!
* * * LOW HITPOINT WARNING * * *
You feel better.
You feel better.
An orc comes into view. It is wielding a +0 hand axe.
The orc priest mumbles some strange prayers to Beogh against you.
Beogh smites you!
* * * LOW HITPOINT WARNING * * *
The orc priest invokes the aid of Beogh against you.
Pain shoots through your body!
You die...

#.....#.........## ###
##.....##.#.......##### ##.###
#.......#.........#.#.###....##
##..#..................#......#
#..............#......###....##
#......#.....)........###....#
.......................#...).#
...#....................#........
...............)@o..o.o##........
...##...............o............
...#...................#.........
..##...............##............
..#..................#.##.....#o.
).)...................#........
......................... ..o
..))..#.................
........................


You could see 2 orc priests and 2 orcs.

Vanquished Creatures
  A frost giant (IceCv)
  A minotaur (Gauntlet)
  Josephine (Orc:1)
  10 hydras
  Fannar (Orc:1)
  A catoblepas (Gauntlet)
  A death knight (D:11)
  A centaur warrior (D:11)
  A tengu warrior (D:11)
  3 two-headed ogres
  4 orc high priests (Orc:2)
  2 unseen horrors
  A wolf spider (D:11)
  A manticore (D:11)
  3 orc knights
  2 orc sorcerers
  An ugly thing (D:11)
  3 centaur zombies
  4 black mambas
  4 gargoyles
  An ice statue (IceCv)
  4 cane toads
  A yaktaur (D:11)
  2 trolls
  7 komodo dragons
  17 polar bears
  6 jumping spiders (Lair:3)
  3 hornets (Lair:6)
  Grinder (D:3)
  7 dream sheep
  9 blink frogs
  6 hippogriffs
  Sigmund (D:6)
  A centaur simulacrum (Gauntlet)
  5 wraiths
  2 shadows
  2 redbacks (Lair:3)
  2 wyverns
  29 yaks
  12 spriggans (Lair:6)
  4 basilisks
  Grum (D:11)
  A harpy simulacrum (Gauntlet)
  5 wargs
  2 meliai simulacra (Gauntlet)
  7 water moccasins
  5 porcupines
  5 black bears
  27 orc warriors
  3 sky beasts
  An eye of draining (D:12)
  An ice beast (D:8)
  A phantom (D:11)
  12 ogres
  4 boggarts (Lair:6)
  12 centaurs
  29 wolves
  10 crocodiles
  A big kobold (D:11)
  10 bullfrogs
  A hornet simulacrum (Gauntlet)
  A water moccasin skeleton (D:4)
  4 scorpions
  6 killer bees (D:11)
  5 wights (D:10)
  4 jellies
  2 howler monkeys (D:8)
  A bullfrog zombie (D:11)
  A quasit (D:10)
  7 hounds
  3 bullfrog skeletons
  5 centaur skeletons
  25 orc priests
  An iron imp (D:9)
  3 iguanas
  19 orc wizards
  11 worker ants
  A bullfrog simulacrum (Gauntlet)
  2 worker ant zombies
  7 gnolls
  A howler monkey skeleton (D:7)
  13 adders
  A shadow imp (D:5)
  3 white imps
  2 ufetubi
  4 worms
  A dart slug (D:3)
  10 leopard geckos
  96 orcs
  7 giant cockroaches
  6 goblins
  7 hobgoblins
  19 jackals
  7 kobolds
  5 quokkas
  10 bats
  2 frilled lizards (D:3)
  2 goblin skeletons (D:9)
  A goblin zombie (D:9)
  3 hobgoblin zombies (D:9)
  A kobold skeleton (D:9)
  4 orc skeletons (D:9)
  2 quokka zombies (D:6)
  9 rats
630 creatures vanquished.

Vanquished Creatures (others)
  22 fungi
  23 plants
45 creatures vanquished.

Grand Total: 675 creatures vanquished

Notes
Turn   | Place    | Note
-------+----------+-------------------------------------------
     0 | D:1      | Mesmaeker13 the Minotaur Gladiator began the quest for the
                  | Orb.
     0 | D:1      | Reached XP level 1. HP: 18/18 MP: 0/0
   156 | D:1      | Reached XP level 2. HP: 25/25 MP: 1/1
   723 | D:1      | Reached skill level 3 in Fighting
   884 | D:2      | Reached XP level 3. HP: 31/31 MP: 2/2
   893 | D:2      | Found a sacrificial altar of Ru.
  1297 | D:3      | Reached XP level 4. HP: 36/38 MP: 3/3
  1363 | D:3      | Found a blossoming altar of Fedhas.
  1560 | D:3      | Noticed an ogre
  1677 | D:3      | Reached skill level 1 in Armour
  1677 | D:3      | Reached XP level 5. HP: 17/46 MP: 4/4
  2064 | D:3      | Noticed Grinder
  2072 | D:3      | Paralysed by Grinder for 2 turns
  2077 | D:3      | Paralysed by Grinder for 2 turns
  2085 | D:3      | Killed Grinder
  2085 | D:3      | Reached skill level 4 in Fighting
  2085 | D:3      | Reached skill level 5 in Long Blades
  2085 | D:3      | Reached XP level 6. HP: 37/53 MP: 5/5
  2251 | D:3      | Found a broken altar of Ashenzari.
  2503 | D:3      | Found a bloodstained altar of Trog.
  2624 | D:3      | Reached skill level 5 in Fighting
  2822 | D:4      | Found Ifualyink's Distillery.
  2831 | D:4      | Reached XP level 7. HP: 58/61 MP: 6/6
  2887 | D:4      | Bought a potion of curing for 30 gold pieces
  3459 | D:4      | Found Miofue's Distillery.
  3568 | D:4      | Found Rijit's Antique Armour Shop.
  3673 | D:4      | Found an iron altar of Okawaru.
  3941 | D:4      | Found Ribrownu's Weapon Shop.
  3964 | D:4      | Found Geos Havoane's Assorted Antiques.
  4347 | D:5      | Entered Level 5 of the Dungeon
  4353 | D:5      | Reached skill level 6 in Fighting
  4353 | D:5      | Reached XP level 8. HP: 70/70 MP: 7/7
  4369 | D:5      | Reached skill level 5 in Throwing
  4634 | D:5      | Reached skill level 5 in Armour
  4843 | D:5      | Found a staircase to the Ecumenical Temple.
  4855 | D:5      | Got a pitted mace
  5188 | D:5      | Found a shadowy altar of Dithmenos.
  5198 | D:5      | Identified the +9 mace of Alaolamo {protect, rF++ Dex+2}
                  | (You found it on level 5 of the Dungeon)
  5292 | Temple   | Entered the Ecumenical Temple
  5311 | Temple   | Became a worshipper of Zin the Law-Giver
  5311 | Temple   | Reached * piety under Zin
  5367 | D:6      | Found a shimmering blue altar of Sif Muna.
  5393 | D:6      | Reached skill level 1 in Maces & Flails
  5484 | D:6      | Found a burning altar of Makhleb.
  5644 | D:6      | Found Esisihet's Jewellery Shoppe.
  5667 | D:6      | Reached ** piety under Zin
  5716 | D:6      | Noticed Sigmund
  5721 | D:6      | Killed Sigmund
  5721 | D:6      | Reached skill level 7 in Fighting
  6240 | D:7      | Found a radiant altar of Vehumet.
  6240 | D:7      | Found a snail-covered altar of Cheibriados.
  6310 | D:7      | Found a basalt altar of Yredelemnul.
  6316 | D:7      | Reached XP level 9. HP: 79/79 MP: 8/8
  6337 | D:7      | Found a hazy altar of Hepliaklqana.
  6552 | D:8      | Reached skill level 1 in Shields
  6726 | D:8      | Reached *** piety under Zin
  6757 | D:8      | Noticed a gargoyle
  6774 | D:8      | Killed a gargoyle
  6774 | D:8      | Reached skill level 8 in Fighting
  7048 | D:8      | Reached skill level 5 in Maces & Flails
  7112 | D:8      | Identified the Catalogue of the Evil Compass
  7619 | D:9      | Found a glowing golden altar of the Shining One.
  7637 | D:9      | Reached **** piety under Zin
  8127 | D:10     | Entered Level 10 of the Dungeon
  8181 | D:10     | Reached skill level 9 in Fighting
  8355 | D:10     | Reached XP level 10. HP: 88/91 MP: 9/9
  8389 | D:10     | Found a staircase to the Orcish Mines.
  9121 | D:11     | Reached ***** piety under Zin
  9216 | D:11     | Noticed a centaur warrior
  9217 | D:11     | Noticed a wolf spider
  9217 | D:11     | Noticed a death knight
  9229 | D:11     | Killed a centaur warrior
  9235 | D:11     | Reached skill level 10 in Fighting
  9594 | D:11     | Noticed a two-headed ogre
  9603 | D:11     | Killed a two-headed ogre
  9603 | D:11     | Reached skill level 10 in Armour
  9613 | D:11     | Killed a wolf spider
  9946 | D:11     | Noticed Grum
  9957 | D:11     | Killed Grum
  9969 | D:11     | Reached skill level 11 in Fighting
 10015 | D:11     | Noticed an unseen horror
 10018 | D:11     | Reached XP level 11. HP: 98/102 MP: 10/10
 10053 | D:11     | Killed a death knight
 10057 | D:11     | Killed an unseen horror
 10641 | D:11     | Identified the +3 leather armour of Inevitability {SInv}
 10642 | D:11     | Found a blossoming altar of Fedhas.
 10643 | D:11     | Found a glowing golden altar of the Shining One.
 10660 | D:11     | Found an opulent altar of Gozag.
 10660 | D:11     | Found an iron altar of Okawaru.
 10712 | D:11     | Reached skill level 10 in Maces & Flails
 10796 | D:11     | Identified the cursed +2 halberd of Victory {pain, *Corrode
                  | +Fly Str+4 Int+4}
 10796 | D:11     | Identified the +4 shortbow "Alitz" {venom, rC+ MR+ Str+4}
 10898 | D:11     | Noticed a two-headed ogre
 10908 | D:11     | Killed a two-headed ogre
 10942 | D:11     | Found a staircase to the Lair.
 11065 | D:11     | Reached skill level 12 in Fighting
 11103 | D:11     | Noticed a white ugly thing
 11117 | D:11     | Killed a white ugly thing
 11294 | D:11     | Noticed a tengu warrior
 11303 | D:11     | Killed a tengu warrior
 11433 | Lair:1   | Entered Level 1 of the Lair of Beasts
 11433 | Lair:1   | Noticed a five-headed hydra
 11444 | Lair:1   | Killed a five-headed hydra
 12000 | Lair:1   | Reached skill level 1 in Invocations
 12357 | Lair:1   | Noticed a six-headed hydra
 12367 | Lair:1   | Killed a six-headed hydra
 12367 | Lair:1   | Reached XP level 12. HP: 55/113 MP: 12/12
 13617 | D:6      | Bought an uncursed ring of poison resistance for 220 gold
                  | pieces
 13647 | D:4      | Bought a shiny chain mail for 187 gold pieces
 13783 | Lair:2   | Noticed a seven-headed hydra
 13793 | Lair:2   | Killed a seven-headed hydra
 13882 | Lair:2   | Found a runed translucent door.
 13882 | Lair:2   | Found a shimmering altar of Xom.
 13882 | Lair:2   | Noticed Wonupn's ghost (journeyman HaGl)
 14084 | Lair:2   | Noticed a six-headed hydra
 14094 | Lair:2   | Killed a six-headed hydra
 14094 | Lair:2   | Reached skill level 13 in Fighting
 14596 | Lair:3   | Found a frozen archway.
 14605 | IceCv    | Entered an ice cave
 15501 | IceCv    | Reached skill level 5 in Invocations
 15633 | IceCv    | Noticed a frost giant
 15657 | IceCv    | Gained mutation: You expend magic power (3 MP) to
                  | strengthen your wands. [potion of mutation]
 15666 | IceCv    | Killed a frost giant
 15950 | IceCv    | Reached XP level 13. HP: 117/123 MP: 16/16
 15989 | IceCv    | Got a brightly glowing battleaxe
 15998 | IceCv    | Identified the +12 battleaxe of Compassion {protect, Str-5
                  | Int+6 Stlth+} (You found it in an ice cave)
 16451 | Lair:3   | Reached skill level 1 in Axes
 16454 | Lair:3   | Found a hole to the Spider Nest.
 16841 | Lair:3   | Reached skill level 14 in Fighting
 17477 | Lair:4   | Reached ****** piety under Zin
 17682 | Lair:4   | Found a gate leading to a gauntlet.
 17691 | Gauntlet | Entered a Gauntlet
 17691 | Gauntlet | Found a transporter.
 17782 | Gauntlet | Found a transporter.
 17784 | Gauntlet | Found a transporter.
 17794 | Gauntlet | Found a transporter.
 17796 | Gauntlet | Found a transporter.
 17804 | Gauntlet | Found a transporter.
 17820 | Gauntlet | Found a transporter.
 17830 | Gauntlet | Found a transporter.
 17832 | Gauntlet | Identified the ring of Idovulel {rC++ rN+ Dex+3 Stlth-}
 17837 | Gauntlet | Found a transporter.
 17837 | Gauntlet | Found a transporter.
 17859 | Gauntlet | Found a transporter.
 17862 | Gauntlet | Found a transporter.
 17884 | Gauntlet | Found a transporter.
 17898 | Gauntlet | Found a transporter.
 18223 | Gauntlet | Got a heavily runed ivory ring
 18230 | Gauntlet | Identified the ring "Qoastif" {rN+ Str+3} (You found it in
                  | a Gauntlet)
 18308 | Gauntlet | Identified the ring "Makhlev" {+Fly MR+}
 18308 | Gauntlet | Noticed a minotaur
 18316 | Gauntlet | Killed a minotaur
 18412 | Gauntlet | Identified Reexew's Volume of the Blaze and Darkness
 18416 | Gauntlet | Got a steaming pewter ring
 18419 | Gauntlet | Got a jewelled ring mail
 18431 | Gauntlet | Identified the cursed +1 ring mail of the Crypt {Stlth+}
                  | (You found it in a Gauntlet)
 18445 | Gauntlet | Identified the ring "Guil" {Str+4 Int+4 Dex+6} (You found
                  | it in a Gauntlet)
 18661 | Lair:4   | You fall into a shaft and drop 2 floors!
 18661 | Lair:6   | Entered Level 6 of the Lair of Beasts
 19079 | Lair:5   | Got an iridescent morningstar
 19080 | Lair:5   | Identified the +9 morningstar "Doidde" {flame, rN+ MR-
                  | SInv} (You found it on level 5 of the Lair of Beasts)
 19599 | Lair:4   | Reached skill level 5 in Axes
 19949 | Lair:4   | Found a staircase to the Swamp.
 21326 | Lair:6   | Found a staircase to the Slime Pits.
 21326 | Lair:6   | Found a viscous altar of Jiyva.
 21563 | Lair:6   | Reached skill level 15 in Fighting
 21815 | Lair:6   | Reached XP level 14. HP: 128/135 MP: 18/18
 22986 | D:12     | Found a flagged portal.
 22996 | Bailey   | Entered a bailey
 23931 | Bailey   | Reached skill level 15 in Armour
 24668 | Orc:1    | Entered Level 1 of the Orcish Mines
 24668 | Orc:1    | Found Hatureur's Gadget Shoppe.
 25117 | Orc:1    | Paralysed by an orc sorcerer for 4 turns
 25410 | Orc:1    | Noticed Fannar
 25420 | Orc:1    | Killed Fannar
 25552 | Orc:2    | Entered Level 2 of the Orcish Mines
 25574 | Orc:1    | Noticed Josephine
 25946 | Orc:1    | Killed Josephine
 26196 | Orc:2    | Found Yzxyaz's Gadget Emporium.
 26198 | Orc:2    | Found a staircase to the Elven Halls.
 26488 | Orc:2    | Paralysed by an orc sorcerer for 5 turns
 26505 | Orc:2    | Reached skill level 16 in Fighting
 27109 | Orc:2    | HP: 6/138 [orc priest/divine providence (16)]
 27109 | Orc:2    | Killed from afar by an orc priest

Illustrated notes

Levels and vault maps discovered:
D:1:      mainiacjoe_arrival_reflecting_pool, layout_loops_ring, st_stairs_1
D:2:      layout_rooms, overflow_temple_1_default
D:3:      layout_basic, old_standard_altar, lightli_temple_of_fire,
          fedhas_altar_4, uniq_grinder
D:4:      layout_loops_ring, marbit_many_paths, serial_shops,
          nicolae_shop_temple_entry_statues_fountains,
          nicolae_shop_overgrown_old_shop,
          nicolae_shop_competitors_out_of_business, shop,
          nicolae_shop_waterfront
D:5:      layout_loops_ring, grunt_dithmenos_smoke, temple_pool_b,
          nicolae_ossuary_entry_monument, kennysheep_generic_room_7
D:6:      layout_loops_ring, kennysheep_mini_moat, kennysheep_little_box,
          serial_shops, kennysheep_mini, grunt_ministairs_1, uniq_sigmund
D:7:      layout_rooms, yredelemnul_altar_generic,
          nicolae_overflow_crystal_walls, gammafunk_temple_overflow_elements
D:8:      layout_rooms, minivault_25
D:9:      layout_basic, nicolae_tso_besieged_by_evil
D:10:     layout_basic, david_orc_2, dk_noncrumbling_3
D:11:     minmay_the_grid_octo_tiled_squarecenter [minmay_the_grid_octo_horde,
          minmay_the_grid_octo_empty, minmay_the_grid_octo_teeth,
          minmay_the_grid_octo_shrine,
          minmay_the_grid_square_5x5_megaprize_diamond,
          minmay_the_grid_square_5x5_broken_cross,
          minmay_the_grid_square_5x5_shuriken,
          minmay_the_grid_square_5x5_minibox,
          minmay_the_grid_square_5x5_dogpile], layout_basic, uniq_grum
D:12:     layout_cave_pools, enter_bailey_3
Temple:   compressed_dpeg_triangle_lava_temple
Lair:1:   layout_concentric_octagons, grunt_megastairs_3, lemuel_fruit_tree
Lair:2:   layout_hall_layers, ebering_ghost_xom
Lair:3:   layout_hall_layers, nicolae_spider_entry_tight_spaces,
          portal_ice_cave_entry_pillars_1
Lair:4:   layout_regular_city, swamp_mist, gauntlet_entry_generic, st_stairs_11
Lair:5:   layout_cave_pods, cheibrodos_lair_reptile_den
Lair:6:   minmay_lair_end_enchanted_forest, layout_misc_corridors, slime_altar_1
Orc:1:    layout_caves, serial_shops, shop, nicolae_orc_damp_corner,
          uniq_josephine, uniq_fannar
Orc:2:    st_orc_town, layout_caves, serial_shops, shop, mines2_lemuel,
          uniq_maurice

Skill      XL: |  1  2  3  4  5  6  7  8  9 10 11 12 13 14 |
---------------+-------------------------------------------+-----
Long Blades    | 4 5 6 |  6.9
Fighting       | 3 4 5 6 7 9 11 12 13 15 16 | 16.3
Dodging        | 4 |  4.0
Throwing       | 3 4 5 |  5.6
Armour         | 1 2 3 4 6 8 10 12 13 14 15 | 15.5
Maces & Flails | 3 6 9 11 12 | 12.5
Shields        | 4 |  4.0
Invocations    | 1 5 7 9 |  9.3
Axes           | 6 8 |  8.7

Action                   |  1- 3 |  4- 6 |  7- 9 | 10-12 | 13-15 || total
-------------------------+-------+-------+-------+-------+-------++-------
Melee: Long sword        |    67 |    84 |   120 |       |       ||   271
       Headbutt          |    11 |    26 |    60 |   174 |   110 ||   381
       Mace              |       |       |   194 |   551 |       ||   745
       Battleaxe         |       |       |       |       |   590 ||   590
       Morningstar       |       |       |       |       |    32 ||    32
Throw: Dart              |       |    12 |     2 |       |       ||    14
       Throwing net      |       |     5 |       |     2 |       ||     7
       Boomerang         |       |       |       |    25 |    57 ||    82
Invok: Vitalisation      |       |       |       |     1 |       ||     1
       Donate Gold       |       |       |       |     1 |       ||     1
Evoke: Wand              |       |       |       |    13 |    18 ||    31
       Tin of tremorston |       |       |       |     3 |     4 ||     7
       Lightning rod     |       |       |       |     1 |     5 ||     6
       Phial of floods   |       |       |       |     1 |     2 ||     3
       Phantom mirror    |       |       |       |     1 |       ||     1
  Use: Scroll            |       |     9 |     5 |     3 |    15 ||    32
       Potion            |       |       |       |     6 |     3 ||     9
 Stab: Distracted        |       |       |       |     1 |       ||     1
       Held in net/web   |       |       |       |     1 |       ||     1
Armor: Leather armour    |     6 |       |       |       |       ||     6
       Ring mail         |    17 |    14 |       |       |       ||    31
       Scale mail        |       |    12 |    90 |   135 |       ||   237
       Chain mail        |       |       |       |   128 |   486 ||   614
Dodge: Dodged            |    54 |    51 |   190 |   349 |   529 ||  1173
Block: Buckler           |       |       |    28 |   127 |       ||   155
       Rpst.: Long sword |    17 |    14 |    20 |       |       ||    51

Table legend: (Time is in decaauts)
 A = Elapsed time spent in this place.
 B = Non-inter-level travel time spent in this place.
 C = Inter-level travel time spent in this place.
 D = Time resting spent in this place.
 E = Time spent auto-exploring this place.
 F = Levels seen in this place.
 G = Mean time per level.
                   A        B        C        D        E       F      G
               +--------+--------+--------+--------+--------+-----+--------+
         Total |  27252 |  25766 |   1486 |   6345 |  14961 |  24 | 1135.5 |
       Dungeon |  12757 |  11969 |    788 |   2417 |   7576 |  12 | 1063.1 |
        Temple |     34 |     20 |     14 |      0 |     15 |   1 |   34.0 |
          Lair |   8736 |   8075 |    661 |   1758 |   5296 |   6 | 1456.0 |
  Orcish Mines |   2184 |   2161 |     23 |    728 |    928 |   2 | 1092.0 |
        Bailey |   1242 |   1242 |      0 |    413 |    405 |   1 | 1242.0 |
      Ice Cave |   1536 |   1536 |      0 |    700 |    513 |   1 | 1536.0 |
      Gauntlet |    759 |    759 |      0 |    328 |    227 |   1 |  759.0 |
               +--------+--------+--------+--------+--------+-----+--------+

Top non-repeatable levels by time:
    D:11: 2450 daAuts
  Lair:1: 2227 daAuts
  Lair:6: 1635 daAuts
   IceCv: 1536 daAuts
     D:3: 1436 daAuts
  Lair:4: 1337 daAuts
  Lair:5: 1318 daAuts
     D:4: 1301 daAuts
  Bailey: 1242 daAuts
    D:10: 1222 daAuts
  Lair:3: 1157 daAuts
   Orc:2: 1143 daAuts
  Lair:2: 1059 daAuts
   Orc:1: 1041 daAuts
     D:5: 995 daAuts
